 Dungeon Crawl Stone Soup version 0.32-a0-893-gf85d74f360 (webtiles) character file.

Game seed: 7159150073120839654

329 redmage the Slasher (level 6, -5/47 HPs)
             Began as a Coglin Gladiator on Apr 3, 2024.
             Splashed by a jelly's acid (9 damage)
             ... on level 4 of the Dungeon.
             The game lasted 00:06:34 (2260 turns).

redmage the Slasher (Coglin Gladiator)              Turns: 2260, Time: 00:06:36

Health: -5/47      AC:  1    Str: 14    XL:     6   Next: 50%
Magic:  6/6        EV: 11    Int:  7    God:
Gold:   153        SH:  0    Dex: 16    Spells: 5/5 levels left

rFire   . . .        i - +5 trident "Gexat" {speed, rN+ Dex-2 SInv}
rCold   . . .        g - +0 dagger (protect) {Hisao}
rNeg    + . .        q - +0 ring mail
rPois   .            c - +0 helmet
rElec   .            (no cloak)
rCorr   .            (no gloves)
SInv    +            (no boots)
Will    +....        (amulet unavailable)
Stlth   +            (ring unavailable)
HPRegen 0.27/turn    (ring unavailable)
MPRegen 0.10/turn    (no gizmo)

%: no passive effects
@: corroded, under a protective aura, enlightened, flying, revved
A: off-hand wielding, slow wielding, warmup strikes, no jewellery
a: Invent Gizmo


You were on level 4 of the Dungeon.
You visited 1 branch of the dungeon, and saw 4 of its levels.

You collected 153 gold pieces.

Inventory:

Hand Weapons
 a - a +0 long sword {Agustín}
 g - a +0 dagger of protection (offhand) {Hisao}
 i - the +5 trident "Gexat" (weapon) {speed, rN+ Dex-2 SInv}
   (You found it on level 3 of the Dungeon)

   Dex-2:     It affects your dexterity (-2).
   rN+:       It protects you from negative energy.
   SInv:      It lets you see invisible.
 o - a +3 short sword
Missiles
 d - 3 throwing nets (quivered)
 e - a javelin
Armour
 c - a +0 helmet (worn)
 q - a +0 ring mail (worn)
Talismans
 l - a flux talisman
Wands
 k - a wand of flame (16)
Scrolls
 b - 3 scrolls of identify {unknown}
 f - a scroll of fear {unknown}
 h - a scroll of butterflies {unknown}
 j - a scroll of poison {unknown}
Potions
 m - a potion of magic {unknown}
 n - 2 potions of might {unknown}
 p - a potion of enlightenment


   Skills:
 + Level 3.6 Fighting
 * Level 5.4 Long Blades
 - Level 1.7 Throwing
 + Level 3.9 Dodging


You had 5 spell levels left.
You didn't know any spells.
Your spell library contained the following spells:

 Spells                   Type           Power      Damage    Failure   Level
 Necrotise                Necr           0%         1d4       67%         1
 Call Imp                 Summ           0%         N/A       82%         2
 Sublimation of Blood     Necr           0%         N/A       82%         2
 Frozen Ramparts          Ice            0%         1d1       96%         3
 Fugue of the Fallen      Necr           0%         N/A       96%         3
 Ozocubu's Armour         Ice            0%         N/A       96%         3
 Tukima's Dance           Hex            0%         N/A       96%         3
 Vampiric Draining        Necr           0%         2d6       96%         3
 Martyr's Knell           Necr/Summ      0%         N/A       100%        4
 Passage of Golubria      Tloc           0%         N/A       100%        4
 Curse of Agony           Necr           0%         N/A       100%        5
 Metabolic Englaciation   Hex/Ice        0%         N/A       100%        5
 Yara's Violent Unravell  Hex/Alch       0%         3d3       100%        5
 Manifold Assault         Tloc           0%         N/A       100%        7
 Summon Hydra             Summ           0%         N/A       100%        7


Dungeon Overview and Level Annotations

Branches:
Dungeon (4/15)
 Temple: D:4-7

Altars:
Ashenzari
Cheibriados
Elyvilon
Sif Muna

Portals:
Sewer: D:4


Innate Abilities, Weirdness & Mutations

You can wield a second weapon in your off-hand.
It takes a long time for you to wield or remove held weapons.
Your first few attacks do less damage.
You cannot equip rings or amulets.


Message History

The jelly is lightly wounded.
You barely miss the jelly with the +5 trident "Gexat".
The jelly hits you. The acid corrodes you!
You are splashed with acid!
You hit the jelly but do no damage.
Your graspers burn!
The jelly is lightly wounded.
You puncture the jelly with the +5 trident "Gexat"!
Your graspers burn!
The jelly closely misses you.
You hit the jelly with the +5 trident "Gexat".
Your graspers burn!
The jelly is severely wounded.
You hit the jelly but do no damage. The acid corrodes you!
Your graspers burn!
The jelly barely misses you.
You are too injured to fight recklessly!
You are too injured to fight recklessly!
You are too injured to fight recklessly!
You are too injured to fight recklessly!
You hit the jelly but do no damage.
Your graspers burn!
The jelly is severely wounded.
You hit the jelly but do no damage.
Your graspers burn!
The jelly barely misses you.
You hit the jelly but do no damage.
Your graspers burn!
The jelly is severely wounded.
You hit the jelly with the +5 trident "Gexat".
The acid corrodes you!
Your graspers burn!
You hit the jelly but do no damage.
Your graspers burn!
The jelly is severely wounded.
You hit the jelly but do no damage.
Your graspers burn!
* * * LOW HITPOINT WARNING * * *
The jelly hits you.
* * * LOW HITPOINT WARNING * * *
You are splashed with acid!
* * * LOW HITPOINT WARNING * * *
It was a potion of enlightenment.
You feel very buoyant.
You fly up into the air.
You hear the rusting of a drain.
The jelly hits you.
* * * LOW HITPOINT WARNING * * *
The acid corrodes you!
You are splashed with acid!
You die...

#.#... # #.#.###.# #.
##.......
.....<..####.###.......#
#.##....##.......##+##.#
..##....##.#.....#~~~#..
####....##.#....?#~~~#.#
......#.#.....#B∩~#..
###.#..#.#..(..#S~~#..
..#..#.##..J@#S~~#..
###..#..'..%.#####..
#..#..........#
#..#......#####
##########..#....#.#
............#....#(#
##########.#######.#
...................#
..........########.#


You could see a jelly, 2 adders and a giant cockroach.

Vanquished Creatures
  An ogre (D:4)
  A bombardier beetle (D:3)
  Jessica (D:2)
  An iguana (D:4)
  3 gnolls (D:3)
  7 adders
  An ufetubus (D:4)
  2 dart slugs
  10 ball pythons
  8 endoplasms
  2 giant cockroaches
  5 goblins
  5 hobgoblins
  2 quokkas
  6 bats
  A frilled lizard (D:1)
  9 kobolds
  4 rats
69 creatures vanquished.

Notes
Turn   | Place    | Note
-------+----------+-------------------------------------------
     0 | D:1      | redmage the Coglin Gladiator began the quest for the Orb.
     0 | D:1      | Reached XP level 1. HP: 16/16 MP: 1/1
    94 | D:1      | Reached XP level 2. HP: 22/22 MP: 2/2
   347 | D:1      | Reached XP level 3. HP: 25/28 MP: 3/3
   521 | D:2      | Noticed Jessica
   583 | D:2      | Killed Jessica
   584 | D:2      | Reached skill level 4 in Long Blades
   584 | D:2      | Reached XP level 4. HP: 33/34 MP: 4/4
   894 | D:2      | Reached XP level 5. HP: 40/40 MP: 5/5
  1116 | D:3      | Found a snail-covered altar of Cheibriados.
  1376 | D:3      | Identified the +5 trident "Gexat" {speed, rN+ Dex-2 SInv}
  1627 | D:3      | Found a shimmering blue altar of Sif Muna.
  1732 | D:3      | Found a broken altar of Ashenzari.
  1795 | D:3      | Found a faded altar of an unknown god.
  1798 | D:3      | Found a white marble altar of Elyvilon.
  2019 | D:4      | Reached skill level 5 in Long Blades
  2118 | D:4      | Noticed an ogre
  2129 | D:4      | Killed an ogre
  2130 | D:4      | Reached XP level 6. HP: 47/47 MP: 6/6
  2245 | D:4      | Found a glowing drain.
  2260 | D:4      | Splashed by a jelly's acid

Illustrated notes

Levels and vault maps discovered:
D:1:      ncdulo_wetmaze, layout_basic
D:2:      layout_rooms, uniq_jessica
D:3:      layout_loops_corners, tgw_sif, slow_altar_1,
          nicolae_overflow_ecumenical_swirl, mainiacjoe_overflow_brackets
D:4:      layout_basic, gup_sewer_entry_glass, st_stairs_5

Skill      XL: |  1  2  3  4  5 |
---------------+----------------+-----
Dodging        | 3 |  3.9
Long Blades    | 4 5 |  5.4
Fighting       | 3 |  3.6
Throwing       | |  1.7

Action                     |  1- 3 |  4- 6 || total
---------------------------+-------+-------++-------
  Melee: Long sword        |    49 |    60 ||   109
         Dagger            |    45 |    86 ||   131
         Trident           |       |    47 ||    47
    Use: Potion            |       |     1 ||     1
   Stab: Sleeping          |     2 |       ||     2
 Armour: Leather armour    |    25 |    27 ||    52
         Ring mail         |       |    23 ||    23
  Dodge: Dodged            |    63 |    65 ||   128

Table legend: (Time is in decaauts)
 A = Elapsed time spent in this place.
 B = Non-inter-level travel time spent in this place.
 C = Inter-level travel time spent in this place.
 D = Time resting spent in this place.
 E = Time spent auto-exploring this place.
 F = Levels seen in this place.
 G = Mean time per level.
                   A        B        C        D        E       F      G
               +--------+--------+--------+--------+--------+-----+--------+
         Total |   2269 |   2097 |    172 |     41 |   1557 |   4 |  567.2 |
       Dungeon |   2269 |   2097 |    172 |     41 |   1557 |   4 |  567.2 |
               +--------+--------+--------+--------+--------+-----+--------+

Top non-repeatable levels by time:
     D:3: 1032 daAuts
     D:1: 518 daAuts
     D:2: 417 daAuts
     D:4: 301 daAuts
